 Dungeon Crawl Stone Soup version 0.26-a0-576-gcfaa98f945 (webtiles) character file.

Game seed: 8147068023860260043

4337 CovertPenguin the Thaumaturge (level 10, 0/74 HPs)
             Began as a Gnoll Hedge Wizard on Aug 22, 2020.
             Was a Follower of Ashenzari.
             Slain by a centaur
             ... wielding a +0 hand axe
              (5 damage)
             ... on level 8 of the Dungeon.
             The game lasted 00:23:24 (11421 turns).

CovertPenguin the Thaumaturge (Gnoll Hedge Wizard) Turns: 11421, Time: 00:23:24

Health: 0/74       AC:  8    Str: 13    XL:     10   Next: 33%
Magic:  31/31      EV: 15    Int: 22    God:    Ashenzari [*.....]
Gold:   463        SH:  0    Dex: 16    Spells: 22/26 levels left

rFire    . . .     SeeInvis .   G - +1 dagger of the Lair of Beasts {vorpal, Stlth+} (curse)
rCold    . . .     Faith    .   (no shield)
rNeg     . . .     Spirit   .   s - +1 ring mail of Ru {rElec Int+2 Dex+2}
rPois    .         Reflect  .   n - +1 hat
rElec    +         Harm     .   i - scarf {repulsion} (curse)
rCorr    .                      (no gloves)
MR       +....                  (no boots)
Stlth    ++++......             (no amulet)
HPRegen  0.22/turn              K - ring of magical power
MPRegen  0.22/turn              l - ring of protection from magic

@: repel missiles
A: distributed training, fangs 1, strong nose
a: Curse Item, Scrying, Renounce Religion


You were on level 8 of the Dungeon.
You worshipped Ashenzari.
Ashenzari was aware of your devotion.
You visited 2 branches of the dungeon, and saw 10 of its levels.

You collected 559 gold pieces.
You spent 96 gold pieces at shops.

Inventory:

Hand Weapons
 v - a +0 dagger of speed
   (You took it off an orc on level 6 of the Dungeon)
 E - a +0 shortbow
   (You took it off a centaur on level 5 of the Dungeon)
 G - the cursed +1 dagger of the Lair of Beasts (weapon) {vorpal, Stlth+}
   (You found it on level 5 of the Dungeon)

   It inflicts extra damage upon your enemies.
   It makes you more stealthy.
   It has a curse placed upon it.
 Q - the +2 whip of Erphytz {freeze, rN+}
   (You found it on level 8 of the Dungeon)

   It has been specially enchanted to freeze those struck by it, causing extra
   injury to most foes and up to half again as much damage against particularly
   susceptible opponents.
   It can also slow down cold-blooded creatures.
   It protects you from negative energy.
Missiles
 e - 161 stones (quivered)
 F - 144 arrows
 I - 4 curare-tipped darts {!f}
Armour
 i - a cursed scarf of repulsion (worn)
   (You found it on level 3 of the Dungeon)
 n - a +1 hat (worn)
   (You found it on level 2 of the Dungeon)
 s - the +1 ring mail of Ru (worn) {rElec Int+2 Dex+2}
   (You took it off an orc on level 7 of the Dungeon)

   It affects your intelligence (+2).
   It affects your dexterity (+2).
   It insulates you from electricity.
 A - a +0 leather armour
   (You took it off an orc on level 4 of the Dungeon)
 H - a scarf of invisibility
   (You found it on level 5 of the Dungeon)
Jewellery
 a - an uncursed ring of flight
   (You found it on level 5 of the Dungeon)
 b - an uncursed ring of wizardry
   (You found it on level 8 of the Dungeon)
 l - a ring of protection from magic (right hand)
   (You found it on level 5 of the Dungeon)
 J - a +6 ring of intelligence
   (You found it on level 3 of the Dungeon)
 K - a ring of magical power (left hand)
   (You found it on level 6 of the Dungeon)
Wands
 c - a wand of disintegration (2)
   (You found it on level 7 of the Dungeon)
 u - a wand of paralysis (11)
   (You found it on level 8 of the Dungeon)
 x - a wand of acid (4)
   (You took it off an orc on level 6 of the Dungeon)
 O - a wand of polymorph (8)
   (You took it off an orc on level 7 of the Dungeon)
Scrolls
 f - a scroll of enchant armour {unknown}
 g - a scroll of enchant weapon
 k - a scroll of magic mapping
 w - 2 scrolls of fog
 y - 4 scrolls of teleportation {@r4}
 B - a scroll of immolation {!r}
 L - 2 scrolls of vulnerability {unknown}
 N - 5 scrolls of identify {@r1}
 P - a scroll of blinking
 T - a scroll of remove curse {@r2}
Potions
 d - a potion of heal wounds {unknown}
 h - 4 potions of brilliance {unknown}
 j - a potion of mutation {unknown}
 m - 2 potions of magic {unknown}
 o - 2 potions of curing {@q1}
 p - a potion of degeneration {unknown}
 q - a potion of berserk rage {unknown}
 r - a potion of haste {@q3}
 t - a potion of stabbing {unknown}
 z - a potion of ambrosia {unknown}
 C - a potion of flight {unknown}
 D - 2 potions of lignification {unknown}
 M - 2 potions of might {unknown}
Miscellaneous
 R - a tin of tremorstones (3/3)
   (You found it on level 9 of the Dungeon)
 S - a phantom mirror
   (You found it on level 9 of the Dungeon)


   Skills:
 + Level 5.2 Fighting
 + Level 5.2 Short Blades
 + Level 5.2 Long Blades
 + Level 5.2 Axes
 + Level 5.2 Maces & Flails
 + Level 5.2 Polearms
 + Level 5.2 Staves
 + Level 5.2 Slings
 + Level 5.2 Bows
 + Level 5.2 Crossbows
 + Level 5.2 Throwing
 + Level 5.2 Armour
 + Level 7.0 Dodging
 + Level 6.7 Stealth
 + Level 5.2 Shields
 + Level 5.2 Unarmed Combat
 + Level 8.9 Spellcasting
 + Level 4.8 Conjurations
 + Level 4.2 Hexes
 + Level 4.8 Summonings
 + Level 4.2 Necromancy
 + Level 4.8 Translocations
 + Level 4.2 Transmutations
 + Level 4.2 Fire Magic
 + Level 4.2 Ice Magic
 + Level 4.2 Air Magic
 + Level 4.2 Earth Magic
 + Level 4.2 Poison Magic
 + Level 5.7 Invocations
 + Level 5.2 Evocations


You had 22 spell levels left.
You knew the following spells:

 Your Spells              Type           Power        Failure   Level
a - Magic Dart            Conj           ####         1%          1
f - Mephitic Cloud        Conj/Pois/Air  ####....     6%          3

Your spell library contained the following spells:

 Spells                   Type           Power        Failure   Level
 Blink                    Tloc           N/A          2%          2
 Call Imp                 Summ           ####....     2%          2
 Slow                     Hex            ####....     3%          2
 Conjure Flame            Conj/Fire      ####....     6%          3


Dungeon Overview and Level Annotations

Branches:
Dungeon (9/15)             Temple (1/1) D:6            Lair (0/6) D:8
    Orc: D:9-12

Altars:
Ashenzari
Cheibriados
Dithmenos
Fedhas
Hepliaklqana
Kikubaaqudgha
Makhleb
Nemelex Xobeh
Okawaru
Qazlal
Ru
Sif Muna
Trog
Uskayaw
Vehumet
Xom
Yredelemnul
Zin
The Shining One

Shops:
D:6 }[=   D:8 ?

Annotations:
D:5 1 runed translucent door, rasy's ghost, novice MiHu
D:8 Maggie


Innate Abilities, Weirdness & Mutations

Your experience applies equally to all skills.
You have very sharp teeth.
Your uncanny sense of smell can sniff out nearby items.


Message History

You strike the helpless Maggie from behind!
You impale Maggie!!
A centaur comes into view. It is wielding a +0 hand axe.
The centaur unwields a +0 hand axe.
The centaur wields a +0 vorpal shortbow.
The centaur shoots an arrow.
The arrow misses you.
Maggie is engulfed in noxious fumes.
Maggie completely misses you.
You see here an arrow.
You hit Maggie but do no damage.
The centaur drinks a potion.
The centaur seems to speed up.
The centaur shoots an arrow.
The arrow misses you.
The centaur shoots an arrow.
The arrow is repelled.
Maggie hits you but does no damage.
You see here 2 arrows.
You hit Maggie but do no damage. You bite Maggie.
The centaur shoots an arrow.
The arrow barely misses you.
The centaur shoots an arrow.
The arrow misses you.
You hit Maggie. You bite Maggie, but do no damage.
You hit Maggie but do no damage.
The centaur unwields a +0 vorpal shortbow.
The centaur wields a +0 hand axe.
The centaur hits you but does no damage.
The centaur misses you. Maggie barely misses you.
You hit Maggie but do no damage.
The centaur hits you with a +0 hand axe.
You hit Maggie but do no damage. The centaur closely misses you.
The centaur hits you with a +0 hand axe.
Maggie misses you.
You hit Maggie.
The centaur hits you but does no damage.
You hit Maggie but do no damage.
The centaur hits you but does no damage.
Maggie hits the centaur with a +0 morningstar!
The centaur hits you but does no damage.
You hit Maggie but do no damage.
Maggie seems less confused.
The centaur closely misses you. Maggie closely misses you.
The centaur barely misses you.
You closely miss Maggie. Your bite misses Maggie.
The centaur hits you with a +0 hand axe.
You barely miss Maggie. The centaur barely misses you.
Maggie completely misses you.
The centaur hits you with a +0 hand axe!
* * * LOW HITPOINT WARNING * * *
You hit Maggie but do no damage.
The centaur hits you with a +0 hand axe.
* * * LOW HITPOINT WARNING * * *
You hit Maggie. The centaur barely misses you.
Maggie gestures at you while chanting. The bolt of fire hits you!!
* * * LOW HITPOINT WARNING * * *
The centaur hits you with a +0 hand axe.
You die...

#####################.# #.# #.#
##### ###'### #...# #.....# #####
#...# #.....# ....#### #...#
#.....#
.......####...#####.....#########
...............@@(...........>...
###.###.##....##c####.###########
#.# #..#...###.# #....# ###.#
##.#...# #.# #....# ..#.# #.....#
#.# #....# ..#.# ##....# #.#
#....# ..#.# #....# #.# ##.###
.<#)# ##..#####.# #.# ###.#
#......##.# #.#


You could see Maggie and a centaur (fast).

Vanquished Creatures
  A two-headed ogre (D:6)
  A gargoyle (D:7)
  A hippogriff (D:7)
  2 orc warriors
  An ice beast (D:7)
  A sky beast (D:5)
  A black bear (D:7)
  3 ogres
  3 phantoms
  3 centaurs
  A big kobold (D:8)
  6 bullfrogs
  A wyvern skeleton (D:9)
  A scorpion (D:8)
  5 killer bees (D:8)
  5 wights (D:7)
  5 howler monkeys
  2 bullfrog zombies
  5 hounds
  A quasit (D:7)
  3 orc priests
  A jelly (D:7)
  An iguana (D:9)
  6 orc wizards
  5 worker ants
  5 adders
  3 shadow imps
  3 white imps
  An adder skeleton (D:4)
  2 worms (D:2)
  4 dart slugs
  2 leopard geckos
  21 orcs
  A ball python (D:2)
  7 bats
  4 giant cockroaches
  8 goblins
  5 hobgoblins
  3 jackals (D:2)
  16 kobolds
  5 quokkas
  2 frilled lizards (D:1)
  A leopard gecko skeleton (D:3)
  10 rats
168 creatures vanquished.

Notes
Turn   | Place    | Note
-------+----------+-------------------------------------------
     0 | D:1      | CovertPenguin the Gnoll Hedge Wizard began the quest for
                  | the Orb.
     0 | D:1      | Reached XP level 1. HP: 13/13 MP: 8/8
   141 | D:1      | Reached XP level 2. HP: 19/19 MP: 3/10
   468 | D:1      | Reached XP level 3. HP: 25/25 MP: 2/11
   580 | D:1      | Learned a level 3 spell: Mephitic Cloud
   958 | D:1      | Reached skill level 1 in Invocations
  1691 | D:2      | Reached skill level 1 in Fighting
  1691 | D:2      | Reached skill level 1 in Short Blades
  1691 | D:2      | Reached skill level 1 in Long Blades
  1691 | D:2      | Reached skill level 1 in Axes
  1691 | D:2      | Reached skill level 1 in Maces & Flails
  1691 | D:2      | Reached skill level 1 in Polearms
  1691 | D:2      | Reached skill level 1 in Staves
  1691 | D:2      | Reached skill level 1 in Slings
  1691 | D:2      | Reached skill level 1 in Bows
  1691 | D:2      | Reached skill level 1 in Crossbows
  1691 | D:2      | Reached skill level 1 in Throwing
  1691 | D:2      | Reached skill level 1 in Armour
  1691 | D:2      | Reached skill level 1 in Shields
  1691 | D:2      | Reached skill level 1 in Unarmed Combat
  1691 | D:2      | Reached skill level 1 in Evocations
  1753 | D:2      | Reached XP level 4. HP: 14/32 MP: 4/13
  2573 | D:3      | Found a sparkling altar of Nemelex Xobeh.
  2887 | D:3      | Reached skill level 1 in Hexes
  2887 | D:3      | Reached skill level 1 in Necromancy
  2887 | D:3      | Reached skill level 1 in Transmutations
  2887 | D:3      | Reached skill level 1 in Fire Magic
  2887 | D:3      | Reached skill level 1 in Ice Magic
  2887 | D:3      | Reached skill level 1 in Air Magic
  2887 | D:3      | Reached skill level 1 in Earth Magic
  2887 | D:3      | Reached skill level 1 in Poison Magic
  3300 | D:4      | Reached XP level 5. HP: 32/37 MP: 6/14
  3477 | D:4      | Noticed an ogre
  3487 | D:4      | Killed an ogre
  3560 | D:4      | Reached XP level 6. HP: 43/44 MP: 8/16
  3778 | D:4      | Reached skill level 5 in Dodging
  4328 | D:5      | Entered Level 5 of the Dungeon
  4408 | D:5      | Noticed a sky beast
  4430 | D:5      | Killed a sky beast
  4430 | D:5      | Reached XP level 7. HP: 43/50 MP: 3/18
  4550 | D:5      | Found a runed translucent door.
  4552 | D:5      | Noticed rasy's ghost (novice MiHu)
  4994 | D:5      | Got a scorched dagger
  5031 | D:5      | Identified the +1 dagger of the Lair of Beasts {vorpal,
                  | Stlth+} (You found it on level 5 of the Dungeon)
  5345 | D:5      | Reached skill level 5 in Stealth
  6005 | D:6      | Reached XP level 8. HP: 34/57 MP: 10/19
  6263 | D:6      | Found Gitoboum's Antique Armour Shoppe.
  6496 | D:6      | Found Afadi's Jewellery Shoppe.
  6525 | D:6      | Found a staircase to the Ecumenical Temple.
  6611 | Temple   | Entered the Ecumenical Temple
  6770 | Temple   | Became a worshipper of Ashenzari the Shackled
  6907 | D:6      | Found Eliv's Gadget Shop.
  7378 | D:7      | Noticed a gargoyle
  7386 | D:7      | Noticed a two-headed ogre
  7391 | D:7      | Killed a gargoyle
  7391 | D:7      | Reached skill level 8 in Spellcasting
  7431 | D:6      | Killed a two-headed ogre
  7431 | D:6      | Reached XP level 9. HP: 46/65 MP: 21/21
  8364 | D:7      | Identified the +1 ring mail of Ru {rElec Int+2 Dex+2}
  8559 | D:7      | Reached skill level 5 in Invocations
  9307 | D:8      | Noticed a +0 dagger
  9308 | D:8      | Found a hide-covered altar of Uskayaw.
  9309 | D:8      | Noticed a +0 hand axe
  9641 | D:8      | Reached XP level 10. HP: 68/73 MP: 22/22
  9976 | D:8      | Found a staircase to the Lair.
 10114 | D:8      | Reached skill level 5 in Fighting
 10114 | D:8      | Reached skill level 5 in Short Blades
 10114 | D:8      | Reached skill level 5 in Long Blades
 10114 | D:8      | Reached skill level 5 in Axes
 10114 | D:8      | Reached skill level 5 in Maces & Flails
 10114 | D:8      | Reached skill level 5 in Polearms
 10114 | D:8      | Reached skill level 5 in Staves
 10114 | D:8      | Reached skill level 5 in Slings
 10114 | D:8      | Reached skill level 5 in Bows
 10114 | D:8      | Reached skill level 5 in Crossbows
 10114 | D:8      | Reached skill level 5 in Throwing
 10114 | D:8      | Reached skill level 5 in Armour
 10114 | D:8      | Reached skill level 5 in Shields
 10114 | D:8      | Reached skill level 5 in Unarmed Combat
 10114 | D:8      | Reached skill level 5 in Evocations
 10324 | D:8      | Found a shimmering blue altar of Sif Muna.
 10421 | D:8      | Found Eliam's Magic Scroll Shoppe.
 10426 | D:8      | Bought a scroll of identify for 24 gold pieces
 10426 | D:8      | Bought a scroll of identify for 24 gold pieces
 10426 | D:8      | Bought a scroll of identify for 24 gold pieces
 10426 | D:8      | Bought a scroll of identify for 24 gold pieces
 10558 | D:8      | Identified the +2 whip of Erphytz {freeze, rN+}
 10651 | D:8      | Reached * piety under Ashenzari
 11385 | D:8      | Noticed Maggie
 11421 | D:8      | Slain by a centaur

Illustrated notes

Levels and vault maps discovered:
D:1:      psy_arrival_fountain, layout_rooms, chequers_serial_rivers_micro_e
D:2:      layout_basic
D:3:      layout_rooms, nemelex_xobeh_ov_fountains_minmay, grunt_decor_fettered
D:4:      layout_gridville
D:5:      layout_loops_ring, hellmonk_ghost_happy_afterlife, minmay_circle_x
D:6:      layout_basic, temple_doors_e, serial_shops, shop,
          nicolae_shop_crystal, nicolae_shop_trees
D:7:      layout_basic
D:8:      layout_basic, dancing_weapons_uskayaw, lemuel_blue_sif_altar,
          lair_entry_dummy, serial_shops, shop, uniq_maggie
D:9:      layout_gridville, lemuel_coloured_pillars_altar, kennysheep_mini_moat,
          nicolae_overflow_crystal_walls, serial_shops, shop,
          supply_closet_lemuel, grunt_ministairs_10
Temple:   eino_temple_scatter_basement

Skill      XL: |  1  2  3  4  5  6  7  8  9 10 |
---------------+-------------------------------+-----
Conjurations   | 2 3 4 |  4.8
Summonings     | 2 3 4 |  4.8
Translocations | 2 3 4 |  4.8
Invocations    | 1 2 3 4 5 |  5.7
Fighting       | 1 2 4 5 |  5.2
Short Blades   | 1 2 4 5 |  5.2
Long Blades    | 1 2 4 5 |  5.2
Axes           | 1 2 4 5 |  5.2
Maces & Flails | 1 2 4 5 |  5.2
Polearms       | 1 2 4 5 |  5.2
Staves         | 1 2 4 5 |  5.2
Slings         | 1 2 4 5 |  5.2
Bows           | 1 2 4 5 |  5.2
Crossbows      | 1 2 4 5 |  5.2
Throwing       | 1 2 4 5 |  5.2
Armour         | 1 2 4 5 |  5.2
Shields        | 1 2 4 5 |  5.2
Unarmed Combat | 1 2 4 5 |  5.2
Evocations     | 1 2 4 5 |  5.2
Hexes          | 1 2 3 4 |  4.2
Necromancy     | 1 2 3 4 |  4.2
Transmutations | 1 2 3 4 |  4.2
Fire Magic     | 1 2 3 4 |  4.2
Ice Magic      | 1 2 3 4 |  4.2
Air Magic      | 1 2 3 4 |  4.2
Earth Magic    | 1 2 3 4 |  4.2
Poison Magic   | 1 2 3 4 |  4.2
Dodging        | 5 6 7 |  7.0
Stealth        | 5 6 |  6.7
Spellcasting   | 8 |  8.9

Action                   |  1- 3 |  4- 6 |  7- 9 | 10-12 || total
-------------------------+-------+-------+-------+-------++-------
Melee: Dagger            |    30 |    15 |   169 |    28 ||   242
       Bite              |     2 |       |    21 |     4 ||    27
       Punch             |       |       |     5 |       ||     5
Throw: Stone             |    11 |       |       |       ||    11
 Cast: Magic Dart        |   103 |   125 |   204 |   150 ||   582
       Mephitic Cloud    |       |     4 |     8 |     4 ||    16
Invok: Curse Item        |       |       |     2 |       ||     2
Evoke: Wand              |       |       |    13 |       ||    13
  Use: Scroll            |       |       |    10 |       ||    10
 Stab: Confused          |       |     2 |     7 |     4 ||    13
       Sleeping          |       |       |     1 |       ||     1
Armor: Robe              |     6 |     1 |    17 |       ||    24
       Ring mail         |       |       |     5 |    17 ||    22
Dodge: Dodged            |    52 |    28 |   140 |    80 ||   300
       Repelled          |       |       |     3 |     2 ||     5

Table legend: (Time is in decaauts)
 A = Elapsed time spent in this place.
 B = Non-inter-level travel time spent in this place.
 C = Inter-level travel time spent in this place.
 D = Time resting spent in this place.
 E = Time spent auto-exploring this place.
 F = Levels seen in this place.
 G = Mean time per level.
                   A        B        C        D        E       F      G
               +--------+--------+--------+--------+--------+-----+--------+
         Total |  11384 |  10720 |    664 |   3566 |   5587 |  10 | 1138.4 |
       Dungeon |  11169 |  10549 |    620 |   3566 |   5420 |   9 | 1241.0 |
        Temple |    215 |    171 |     44 |      0 |    167 |   1 |  215.0 |
               +--------+--------+--------+--------+--------+-----+--------+

Top non-repeatable levels by time:
     D:7: 1909 daAuts
     D:8: 1642 daAuts
     D:1: 1459 daAuts
     D:2: 1384 daAuts
     D:5: 1362 daAuts
     D:6: 1066 daAuts
     D:4: 1006 daAuts
     D:3: 683 daAuts
     D:9: 653 daAuts
  Temple: 215 daAuts
